 Dungeon Crawl Stone Soup version 0.26.1-11-gd32895ea62 (webtiles) character file.

Game seed: 12556072573108966688

27 nothank2 the Grave Robber (level 2, -6/19 HPs)
             Began as a Demonspawn Necromancer on July 15, 2021.
             Killed from afar by a white imp (10 damage)
             ... with a puff of frost
             ... on level 2 of the Dungeon.
             The game lasted 00:02:32 (1511 turns).

nothank2 the Grave Robber (Demonspawn Necromancer)  Turns: 1511, Time: 00:02:32

Health: -6/19      AC:  2    Str:  8    XL:     2   Next: 93%
Magic:  2/5        EV: 12    Int: 16    God:
Gold:   17         SH:  0    Dex: 13    Spells: 4/5 levels left

rFire    + . .     SeeInvis .   c - +0 dagger
rCold    . . .     Faith    .   (no shield)
rNeg     . . .     Spirit   .   a - +0 robe
rPois    .         Reflect  .   (no helmet)
rElec    .         Harm     .   (no cloak)
rCorr    .         Rampage  .   (no gloves)
Will     .....                  (no boots)
Stlth    ++........             e - amulet of regeneration
HPRegen  0.46/turn              j - ring of protection from fire
MPRegen  0.09/turn              (no ring)

@: no status effects
A: miasma immunity
a: no special abilities


You were on level 2 of the Dungeon.
You visited 1 branch of the dungeon, and saw 2 of its levels.

You collected 17 gold pieces.

Inventory:

Hand Weapons
 c - a +0 dagger (weapon)
Armour
 a - a +0 robe (worn)
Jewellery
 e - an amulet of regeneration (around neck)
 j - a ring of protection from fire (left hand)
Scrolls
 b - 2 scrolls of identify {unknown}
 d - 2 scrolls of amnesia {unknown}
 f - a scroll of teleportation {unknown}
 i - a scroll of immolation {unknown}
Potions
 g - a potion of berserk rage {unknown}
 h - a potion of might {unknown}


   Skills:
 - Level 1.7 Dodging
 - Level 1.7 Stealth
 + Level 2.4 Spellcasting
 * Level 5.1 Necromancy


You had 4 spell levels left.
You knew the following spells:

 Your Spells              Type           Power        Failure   Level
a - Pain                  Necr           72%          2%          1

Your spell library contained the following spells:

 Spells                   Type           Power        Failure   Level
 Animate Skeleton         Necr           36%          2%          1
 Vampiric Draining        Necr           9%           7%          3
 Animate Dead             Necr           9%           24%         4
 Agony                    Necr           18%          54%         5


Dungeon Overview and Level Annotations

Branches:
Dungeon (2/15)

Altars:

Annotations:
D:2 Terence


Innate Abilities, Weirdness & Mutations

You are immune to miasma.


Message History

Ouch! That really hurt!
* * * LOW HITPOINT WARNING * * *
You hit the worm.
The worm is heavily wounded.
Terence the Incautious comes into view.
He is wielding a +0 short sword.
Terence shouts!
Terence hits you with a +0 short sword.
* * * LOW HITPOINT WARNING * * *
Found a gilded ring.
Terence hits you with a +0 short sword.
* * * LOW HITPOINT WARNING * * *
Found a purple potion.
Terence looks scornfully at you.
A white imp comes into view.
The white imp shouts!
You see here a gilded ring.
The white imp gestures at you. The puff of frost hits you!
Ouch! That really hurt!
You die...

#....... #......
##....... #..... ..
#.... ... ... ...
#.##.... #..#########
####..#....
#.5...!@@..###..w.......
#..########.ww.###.####.
#....# #.## ###### #..##
##..##. #...(. #..##.
##.... #..#.


You could see Terence, a worm, a white imp and a dart slug.

Vanquished Creatures
  3 dart slugs (D:1)
  A leopard gecko (D:1)
  2 goblins
  3 hobgoblins (D:1)
  2 bats (D:1)
  2 frilled lizards (D:1)
  3 kobolds (D:1)
  4 rats (D:1)
20 creatures vanquished.

Notes
Turn   | Place    | Note
-------+----------+-------------------------------------------
     0 | D:1      | nothank2 the Demonspawn Necromancer began the quest for the
                  | Orb.
     0 | D:1      | Reached XP level 1. HP: 13/13 MP: 3/3
   315 | D:1      | Gained mutation: You are immune to miasma. [demonic
                  | ancestry]
   315 | D:1      | Reached XP level 2. HP: 14/19 MP: 0/5
   909 | D:1      | Reached skill level 5 in Necromancy
  1503 | D:2      | Noticed Terence
  1511 | D:2      | Killed from afar by a white imp

Illustrated notes

Levels and vault maps discovered:
D:1:      heliophobic_arrival_dark_side_of_the_moon, layout_basic,
          chequers_serial_rivers_small_3
D:2:      layout_basic, marbit_many_paths, amethyst_overflow_temple_binary,
          hex_intersection, uniq_terence

Skill      XL: |  1  2 |
---------------+-------+-----
Necromancy     | 5 |  5.1
Dodging        | |  1.7
Stealth        | |  1.7
Spellcasting   | |  2.4

Action                   || total
-------------------------++-------
Melee: Dagger            ||     4
 Cast: Pain              ||    42
Armor: Robe              ||     2
Dodge: Dodged            ||     6
